[ AOE2 MATCH · #466458433 ]
UnrankedMongols vs Romans
[ REPLAY ANALYSIS · EXTRACTED FROM THE RECORDED GAME ]
Feudal
11:40
Castle
17:33
Imperial
—
| APM avg | 24.9 |
| APM peak | 63 |
| eAPM avg | 10.7 |
| Villagers / military | 59 / 18 |
Focus
⚔️ 27.7% · 🌾 72.3%
Skirmisher ×9 · Spearman ×4 · Archer ×3 · Mangudai ×2
Feudal
9:25
Castle
26:15
Imperial
—
| APM avg | 34.3 |
| APM peak | 65 |
| eAPM avg | 12.6 |
| Villagers / military | 57 / 22 |
Focus
⚔️ 42.2% · 🌾 57.8%
Archer ×20 · Spearman ×2
Feudal
12:47
Castle
23:27
Imperial
—
| APM avg | 25.0 |
| APM peak | 83 |
| eAPM avg | 8.3 |
| Villagers / military | 42 / 6 |
Focus
⚔️ 16.3% · 🌾 83.7%
Spearman ×5 · Monk ×1
Feudal
12:33
Castle
19:43
Imperial
—
| APM avg | 32.5 |
| APM peak | 92 |
| eAPM avg | 9.5 |
| Villagers / military | 42 / 22 |
Focus
⚔️ 13.8% · 🌾 86.2%
Plumed Archer ×14 · Eagle Scout ×7 · Spearman ×1
Feudal
13:22
Castle
—
Imperial
—
| APM avg | 23.1 |
| APM peak | 59 |
| eAPM avg | 11.9 |
| Villagers / military | 37 / 4 |
Focus
⚔️ 38.6% · 🌾 61.4%
Militia ×2 · Spearman ×2
Feudal
8:53
Castle
19:56
Imperial
—
| APM avg | 46.1 |
| APM peak | 103 |
| eAPM avg | 11.9 |
| Villagers / military | 68 / 22 |
Focus
⚔️ 27.1% · 🌾 72.9%
Knight ×16 · Scout Cavalry ×6
Feudal
9:18
Castle
19:06
Imperial
—
| APM avg | 42.9 |
| APM peak | 93 |
| eAPM avg | 14.9 |
| Villagers / military | 60 / 18 |
Focus
⚔️ 38.2% · 🌾 61.8%
Cavalry Archer ×7 · Steppe Lancer ×5 · Scout Cavalry ×4 · Mangonel ×2
Feudal
13:59
Castle
25:38
Imperial
—
| APM avg | 10.4 |
| APM peak | 27 |
| eAPM avg | 6.5 |
| Villagers / military | 40 / 22 |
Focus
⚔️ 22.8% · 🌾 77.2%
Knight ×11 · Scout Cavalry ×6 · Spearman ×5
Match map
Initial resources + every placement click. Lines = walls · curves = elevation contours. ◆ gold · ⬟ stone · ● berries · ✦ relic · ◌ wall gap
Your base· Open — 10t gap
霆霓快雨-刻晴's base· Open — unwalled flank
Pikkio's base· Open — 2t gap
Nicolass's base· Open — unwalled flank
Monokkrom's base· Open — unwalled flank
掩月天权·凝光's base· Open — unwalled flank
循循守月-甘雨's base· Open — unwalled flank
Fuschi's base· Open — unwalled flank
Smoothed initial terrain · ◌ = detected wall gap · hover for details
Inputs per minute
— bezoya - - 霆霓快雨-刻晴
Build order — bezoya
124 actions detected in the replay
| 0:02 | Build | House |
| 0:04 | Build | House |
| 0:04 | Create | Villager (Male) |
| 0:04 | Create | Villager (Male) |
| 0:05 | Create | Villager (Male) |
| 0:05 | Create | Villager (Male) |
| 0:05 | Create | Villager (Male) |
| 1:36 | Create | Villager (Male) |
| 2:01 | Create | Villager (Male) |
| 2:18 | Create | Villager (Male) |
| 2:39 | Build | Lumber Camp |
| 2:55 | Create | Villager (Male) |
| 3:07 | Create | Villager (Male) |
| 3:44 | Create | Villager (Male) |
| 3:44 | Create | Villager (Male) |
| 3:54 | Build | House |
| 4:19 | Create | Villager (Male) |
| 4:57 | Create | Villager (Male) |
| 4:59 | Create | Villager (Male) |
| 5:33 | Create | Villager (Male) |
| 5:33 | Create | Villager (Male) |
| 6:14 | Build | House |
| 6:44 | Create | Villager (Male) |
| 7:03 | Build | Mill |
| 7:31 | Create | Villager (Male) |
| 7:31 | Create | Villager (Male) |
| 7:31 | Create | Villager (Male) |
| 7:31 | Create | Villager (Male) |
| 8:11 | Create | Villager (Male) |
| 8:29 | Create | Villager (Male) |
| 9:21 | Build | Mining Camp |
| 9:30 | Research | Feudal Age |
| 9:43 | Build | Farm |
| 10:16 | Build | House |
| 10:26 | Build | Barracks |
| 10:33 | Build | House |
| 10:57 | Build | Farm |
| 10:58 | Build | Farm |
| 10:59 | Build | Farm |
| 11:00 | Build | Farm |
| 11:38 | Build | Farm |
| 11:40 | Age | Feudal Age |
| 11:47 | Create | Villager (Male) |
| 11:47 | Create | Villager (Male) |
| 11:54 | Research | Double-Bit Axe |
| 12:18 | Build | Archery Range |
| 12:41 | Create | Villager (Male) |
| 12:57 | Build | Mill |
| 13:31 | Build | Palisade Wall |
| 13:38 | Create | Villager (Male) |
| 13:39 | Create | Villager (Male) |
| 13:56 | Build | Blacksmith |
| 14:03 | Create | Villager (Male) |
| 14:39 | Research | Castle Age |
| 14:45 | Build | Archery Range |
| 14:55 | Create | Spearman |
| 14:57 | Create | Spearman |
| 15:38 | Create | Spearman |
| 15:44 | Build | House |
| 15:50 | Create | Archer |
| 15:50 | Create | Archer |
| 15:53 | Create | Archer |
| 15:58 | Build | House |
| 16:39 | Build | House |
| 16:55 | Build | Watch Tower |
| 17:08 | Create | Skirmisher |
| 17:08 | Create | Skirmisher |
| 17:19 | Build | Mill |
| 17:33 | Age | Castle Age |
| 17:55 | Create | Skirmisher |
| 17:55 | Create | Skirmisher |
| 18:38 | Build | Archery Range |
| 19:00 | Create | Villager (Male) |
| 19:01 | Create | Villager (Male) |
| 19:01 | Create | Villager (Male) |
| 19:17 | Build | Mining Camp |
| 19:21 | Create | Villager (Male) |
| 19:44 | Research | Fletching |
| 19:50 | Create | Villager (Male) |
| 19:50 | Create | Villager (Male) |
| 19:55 | Create | Skirmisher |
| 19:55 | Create | Skirmisher |
| 20:11 | Create | Villager (Male) |
| 20:11 | Create | Villager (Male) |
| 20:29 | Research | Padded Archer Armor |
| 20:38 | Create | Skirmisher |
| 20:39 | Create | Skirmisher |
| 20:42 | Create | Villager (Male) |
| 20:42 | Create | Villager (Male) |
| 20:49 | Create | Villager (Male) |
| 20:49 | Create | Villager (Male) |
| 21:15 | Create | Spearman |
| 22:21 | Create | Villager (Male) |
| 22:21 | Create | Villager (Male) |
| 23:07 | Create | Villager (Male) |
| 23:16 | Build | Town Center |
| 23:20 | Create | Villager (Male) |
| 23:30 | Create | Villager (Male) |
| 23:30 | Create | Villager (Male) |
| 24:14 | Create | Villager (Male) |
| 24:24 | Create | Villager (Male) |
| 24:24 | Create | Villager (Male) |
| 24:31 | Create | Villager (Male) |
| 24:31 | Create | Villager (Male) |
| 24:37 | Build | Farm |
| 24:41 | Create | Villager (Male) |
| 24:41 | Create | Villager (Male) |
| 25:08 | Build | Farm |
| 25:09 | Create | Villager (Male) |
| 25:15 | Build | Farm |
| 25:16 | Build | Farm |
| 25:23 | Build | Castle |
| 25:29 | Build | Farm |
| 25:35 | Create | Villager (Male) |
| 25:41 | Build | Farm |
| 25:45 | Create | Skirmisher |
| 25:47 | Research | Elite Skirmisher (upgrade) |
| 26:06 | Build | Farm |
| 26:09 | Build | Farm |
| 26:34 | Create | Mangudai |
| 26:34 | Create | Mangudai |
| 27:02 | Create | Villager (Male) |
| 27:02 | Create | Villager (Male) |
| 27:09 | Build | Farm |
Build order — 霆霓快雨-刻晴
First 150 of 164 actions detected
| 0:01 | Create | Villager (Male) |
| 0:01 | Create | Villager (Male) |
| 0:03 | Build | House |
| 0:04 | Build | House |
| 0:08 | Create | Villager (Male) |
| 0:08 | Create | Villager (Male) |
| 0:08 | Create | Villager (Male) |
| 1:27 | Create | Villager (Male) |
| 1:27 | Create | Villager (Male) |
| 1:51 | Build | Lumber Camp |
| 2:02 | Create | Villager (Male) |
| 2:02 | Create | Villager (Male) |
| 2:02 | Create | Villager (Male) |
| 2:23 | Create | Villager (Male) |
| 2:24 | Create | Villager (Male) |
| 2:52 | Create | Villager (Male) |
| 2:52 | Create | Villager (Male) |
| 3:12 | Create | Villager (Male) |
| 3:13 | Create | Villager (Male) |
| 3:34 | Create | Villager (Male) |
| 3:35 | Create | Villager (Male) |
| 3:50 | Build | House |
| 3:51 | Build | House |
| 4:01 | Create | Villager (Male) |
| 4:01 | Create | Villager (Male) |
| 5:05 | Build | Mill |
| 5:19 | Create | Villager (Male) |
| 5:19 | Create | Villager (Male) |
| 5:28 | Create | Villager (Male) |
| 5:28 | Create | Villager (Male) |
| 6:06 | Create | Villager (Male) |
| 6:12 | Research | Loom |
| 6:12 | Research | Loom |
| 6:25 | Create | Villager (Male) |
| 7:12 | Research | Feudal Age |
| 7:13 | Research | Feudal Age |
| 7:47 | Build | Barracks |
| 8:26 | Build | House |
| 8:42 | Create | Villager (Male) |
| 8:46 | Build | House |
| 8:56 | Build | Mining Camp |
| 9:25 | Age | Feudal Age |
| 9:28 | Build | Archery Range |
| 9:34 | Create | Villager (Male) |
| 9:47 | Create | Villager (Male) |
| 9:55 | Build | Archery Range |
| 10:25 | Build | Blacksmith |
| 10:28 | Create | Villager (Male) |
| 10:38 | Build | House |
| 10:49 | Create | Archer |
| 10:56 | Create | Archer |
| 10:57 | Create | Villager (Male) |
| 11:10 | Build | House |
| 11:20 | Create | Villager (Male) |
| 11:23 | Create | Archer |
| 11:23 | Create | Archer |
| 11:27 | Build | House |
| 11:32 | Research | Fletching |
| 11:32 | Research | Fletching |
| 11:37 | Research | Gold Mining |
| 11:43 | Create | Villager (Male) |
| 11:48 | Create | Spearman |
| 11:51 | Build | House |
| 11:59 | Create | Archer |
| 12:00 | Create | Villager (Male) |
| 12:26 | Build | Palisade Wall |
| 12:29 | Create | Villager (Male) |
| 12:31 | Create | Archer |
| 12:31 | Create | Archer |
| 12:35 | Create | Spearman |
| 13:04 | Create | Villager (Male) |
| 13:18 | Create | Villager (Male) |
| 13:21 | Create | Archer |
| 13:21 | Create | Archer |
| 13:32 | Create | Villager (Male) |
| 13:43 | Create | Archer |
| 13:43 | Create | Archer |
| 13:44 | Create | Villager (Male) |
| 14:35 | Create | Villager (Male) |
| 14:38 | Create | Archer |
| 14:39 | Create | Archer |
| 14:50 | Create | Archer |
| 14:50 | Create | Archer |
| 15:05 | Create | Villager (Male) |
| 15:09 | Build | House |
| 15:17 | Build | Lumber Camp |
| 15:38 | Create | Villager (Male) |
| 15:43 | Build | Watch Tower |
| 15:57 | Create | Villager (Male) |
| 15:59 | Create | Archer |
| 16:00 | Create | Archer |
| 16:27 | Create | Villager (Male) |
| 16:29 | Create | Archer |
| 16:30 | Create | Archer |
| 16:34 | Build | Farm |
| 16:37 | Build | Farm |
| 16:39 | Research | Double-Bit Axe |
| 16:39 | Research | Double-Bit Axe |
| 16:40 | Research | Horse Collar |
| 16:40 | Research | Horse Collar |
| 17:17 | Create | Villager (Male) |
| 17:18 | Create | Archer |
| 17:22 | Build | Farm |
| 17:25 | Build | Farm |
| 17:25 | Build | Farm |
| 17:25 | Build | Farm |
| 17:26 | Build | Farm |
| 17:26 | Build | Farm |
| 17:26 | Build | Farm |
| 17:26 | Build | Farm |
| 17:27 | Create | Villager (Male) |
| 18:22 | Create | Villager (Male) |
| 18:55 | Create | Villager (Male) |
| 18:57 | Build | Farm |
| 19:03 | Build | Farm |
| 19:03 | Build | Farm |
| 19:03 | Build | Farm |
| 19:03 | Build | Farm |
| 19:04 | Build | Farm |
| 19:04 | Build | Farm |
| 19:06 | Build | Farm |
| 19:24 | Build | House |
| 19:25 | Create | Villager (Male) |
| 19:34 | Build | Farm |
| 19:35 | Create | Villager (Male) |
| 19:39 | Build | Farm |
| 19:51 | Create | Villager (Male) |
| 19:57 | Research | Wheelbarrow |
| 19:57 | Research | Wheelbarrow |
| 20:08 | Build | Farm |
| 20:13 | Build | Farm |
| 20:35 | Build | Mining Camp |
| 20:36 | Create | Villager (Male) |
| 20:36 | Create | Villager (Male) |
| 21:03 | Build | Lumber Camp |
| 22:05 | Research | Scale Barding Armor |
| 22:05 | Research | Forging |
| 22:07 | Build | Stable |
| 22:56 | Research | Stone Mining |
| 22:58 | Create | Villager (Male) |
| 23:03 | Build | House |
| 23:04 | Build | House |
| 23:05 | Build | House |
| 23:17 | Build | Market |
| 23:35 | Research | Castle Age |
| 23:35 | Research | Castle Age |
| 25:17 | Research | Bloodlines |
| 25:17 | Research | Bloodlines |
| 25:52 | Create | Villager (Male) |
| 26:15 | Age | Castle Age |
Build order — Pikkio
111 actions detected in the replay
| 0:04 | Build | House |
| 0:05 | Build | House |
| 0:08 | Build | House |
| 0:28 | Create | Villager (Male) |
| 0:28 | Create | Villager (Male) |
| 0:28 | Create | Villager (Male) |
| 1:28 | Create | Villager (Male) |
| 2:16 | Create | Villager (Male) |
| 2:16 | Create | Villager (Male) |
| 2:16 | Create | Villager (Male) |
| 3:04 | Create | Villager (Male) |
| 3:04 | Create | Villager (Male) |
| 3:46 | Build | Lumber Camp |
| 4:14 | Create | Villager (Male) |
| 4:40 | Create | Villager (Male) |
| 4:40 | Create | Villager (Male) |
| 4:40 | Create | Villager (Male) |
| 5:40 | Create | Villager (Male) |
| 5:49 | Build | House |
| 6:37 | Create | Villager (Male) |
| 6:38 | Create | Villager (Male) |
| 7:47 | Create | Villager (Male) |
| 7:49 | Create | Villager (Male) |
| 8:01 | Create | Villager (Male) |
| 8:13 | Build | Mining Camp |
| 9:22 | Research | Loom |
| 9:23 | Create | Villager (Male) |
| 9:23 | Create | Villager (Male) |
| 10:12 | Build | Mill |
| 10:15 | Research | Feudal Age |
| 10:28 | Build | House |
| 10:30 | Build | House |
| 10:34 | Build | Barracks |
| 10:47 | Create | Villager (Male) |
| 10:47 | Create | Villager (Male) |
| 10:47 | Create | Villager (Male) |
| 10:47 | Create | Villager (Male) |
| 10:48 | Create | Villager (Male) |
| 10:48 | Create | Villager (Male) |
| 10:53 | Build | Farm |
| 10:54 | Build | Farm |
| 10:55 | Build | Farm |
| 10:56 | Build | Farm |
| 11:13 | Build | Palisade Wall |
| 11:16 | Build | Palisade Wall |
| 11:36 | Build | Mill |
| 12:24 | Build | House |
| 12:28 | Build | House |
| 12:35 | Build | Farm |
| 12:36 | Build | Farm |
| 12:47 | Age | Feudal Age |
| 12:52 | Create | Spearman |
| 12:53 | Create | Spearman |
| 12:53 | Create | Spearman |
| 13:19 | Create | Spearman |
| 13:24 | Create | Villager (Male) |
| 13:37 | Create | Villager (Male) |
| 13:48 | Build | Market |
| 14:22 | Build | Blacksmith |
| 14:41 | Create | Villager (Male) |
| 14:58 | Build | Barracks |
| 15:09 | Build | House |
| 15:22 | Build | Palisade Wall |
| 15:24 | Build | Palisade Wall |
| 16:08 | Create | Spearman |
| 16:48 | Build | Archery Range |
| 16:53 | Build | House |
| 16:55 | Build | House |
| 16:57 | Build | House |
| 16:58 | Build | House |
| 17:24 | Build | Palisade Wall |
| 17:33 | Build | Palisade Gate |
| 17:39 | Create | Villager (Male) |
| 17:39 | Create | Villager (Male) |
| 17:39 | Create | Villager (Male) |
| 17:56 | Build | Palisade Wall |
| 18:16 | Create | Villager (Male) |
| 18:16 | Create | Villager (Male) |
| 18:32 | Research | Double-Bit Axe |
| 18:38 | Create | Villager (Male) |
| 19:10 | Build | Farm |
| 20:48 | Research | Castle Age |
| 21:30 | Build | Barracks |
| 23:27 | Age | Castle Age |
| 24:08 | Build | Town Center |
| 24:15 | Build | Town Center |
| 24:52 | Build | Monastery |
| 25:08 | Build | House |
| 25:10 | Build | House |
| 25:12 | Build | House |
| 25:12 | Build | House |
| 25:16 | Build | House |
| 25:30 | Build | Lumber Camp |
| 25:40 | Create | Monk |
| 25:52 | Build | Mill |
| 26:09 | Research | Bow Saw |
| 26:12 | Research | Horse Collar |
| 28:05 | Create | Villager (Male) |
| 28:05 | Create | Villager (Male) |
| 28:13 | Build | Farm |
| 28:14 | Build | Farm |
| 28:16 | Build | Farm |
| 28:17 | Build | Farm |
| 28:22 | Build | Farm |
| 28:26 | Build | Farm |
| 28:29 | Build | Farm |
| 28:38 | Create | Villager (Male) |
| 29:04 | Build | Farm |
| 30:08 | Create | Villager (Male) |
| 30:08 | Create | Villager (Male) |
| 30:08 | Create | Villager (Male) |
Build order — Nicolass
114 actions detected in the replay
| 0:03 | Create | Villager (Male) |
| 0:04 | Create | Villager (Male) |
| 0:04 | Create | Villager (Male) |
| 0:04 | Create | Villager (Male) |
| 0:07 | Build | House |
| 0:09 | Build | House |
| 1:56 | Create | Villager (Male) |
| 2:30 | Build | Lumber Camp |
| 2:40 | Create | Villager (Male) |
| 2:41 | Create | Villager (Male) |
| 2:41 | Create | Villager (Male) |
| 3:10 | Create | Villager (Male) |
| 3:31 | Create | Villager (Male) |
| 4:16 | Create | Villager (Male) |
| 4:16 | Create | Villager (Male) |
| 4:49 | Create | Villager (Male) |
| 4:49 | Create | Villager (Male) |
| 4:49 | Create | Villager (Male) |
| 5:04 | Build | House |
| 5:16 | Build | Mill |
| 5:30 | Create | Villager (Male) |
| 6:48 | Create | Villager (Male) |
| 7:13 | Create | Villager (Male) |
| 7:14 | Create | Villager (Male) |
| 7:14 | Create | Villager (Male) |
| 7:39 | Research | Loom |
| 7:39 | Create | Villager (Male) |
| 7:43 | Build | House |
| 8:21 | Create | Villager (Male) |
| 8:21 | Create | Villager (Male) |
| 8:21 | Create | Villager (Male) |
| 9:13 | Create | Villager (Male) |
| 9:31 | Build | Mining Camp |
| 10:23 | Research | Feudal Age |
| 10:35 | Build | Lumber Camp |
| 10:50 | Build | Mining Camp |
| 11:50 | Build | Barracks |
| 12:08 | Create | Villager (Male) |
| 12:24 | Build | Farm |
| 12:24 | Build | Farm |
| 12:33 | Create | Villager (Male) |
| 12:33 | Create | Villager (Male) |
| 12:33 | Age | Feudal Age |
| 12:38 | Research | Double-Bit Axe |
| 12:41 | Build | House |
| 13:03 | Create | Eagle Scout |
| 13:06 | Create | Eagle Scout |
| 13:50 | Build | Mining Camp |
| 14:13 | Build | Farm |
| 14:27 | Build | Farm |
| 14:27 | Build | Farm |
| 14:58 | Create | Spearman |
| 15:13 | Build | House |
| 15:14 | Build | House |
| 15:33 | Build | Market |
| 15:41 | Build | House |
| 15:44 | Build | House |
| 15:45 | Build | House |
| 16:00 | Build | Archery Range |
| 16:27 | Build | Blacksmith |
| 16:33 | Build | House |
| 16:37 | Build | House |
| 16:41 | Build | House |
| 16:42 | Build | House |
| 16:43 | Build | House |
| 16:56 | Create | Eagle Scout |
| 17:00 | Create | Eagle Scout |
| 17:01 | Create | Eagle Scout |
| 17:03 | Research | Castle Age |
| 18:03 | Research | Scale Mail Armor |
| 18:08 | Create | Villager (Male) |
| 18:43 | Create | Eagle Scout |
| 18:47 | Create | Eagle Scout |
| 19:10 | Build | Farm |
| 19:11 | Build | Farm |
| 19:11 | Build | Farm |
| 19:12 | Build | Farm |
| 19:43 | Age | Castle Age |
| 20:06 | Research | Eagle Warrior (upgrade) |
| 20:46 | Build | Town Center |
| 20:58 | Build | Castle |
| 21:52 | Build | Mining Camp |
| 23:22 | Create | Villager (Male) |
| 23:24 | Create | Villager (Male) |
| 23:24 | Create | Villager (Male) |
| 23:25 | Create | Villager (Male) |
| 23:38 | Build | Town Center |
| 23:45 | Create | Villager (Male) |
| 23:45 | Create | Villager (Male) |
| 25:27 | Create | Plumed Archer |
| 25:27 | Create | Plumed Archer |
| 25:28 | Create | Plumed Archer |
| 25:59 | Create | Villager (Male) |
| 26:00 | Create | Villager (Male) |
| 26:02 | Create | Villager (Male) |
| 26:02 | Create | Villager (Male) |
| 26:02 | Create | Villager (Male) |
| 26:09 | Research | Gold Mining |
| 26:23 | Create | Villager (Male) |
| 26:24 | Create | Villager (Male) |
| 26:42 | Build | Castle |
| 27:16 | Build | Mining Camp |
| 27:33 | Create | Plumed Archer |
| 27:34 | Create | Plumed Archer |
| 27:34 | Create | Plumed Archer |
| 27:34 | Create | Plumed Archer |
| 27:35 | Create | Plumed Archer |
| 27:36 | Create | Plumed Archer |
| 28:52 | Create | Plumed Archer |
| 28:53 | Create | Plumed Archer |
| 28:53 | Create | Plumed Archer |
| 29:16 | Research | Fletching |
| 29:58 | Create | Plumed Archer |
| 29:59 | Create | Plumed Archer |
Build order — Monokkrom
80 actions detected in the replay
| 0:01 | Create | Villager (Male) |
| 0:01 | Create | Villager (Male) |
| 0:03 | Build | House |
| 0:06 | Build | House |
| 0:16 | Create | Villager (Male) |
| 0:37 | Create | Villager (Male) |
| 1:49 | Build | Lumber Camp |
| 3:02 | Create | Villager (Male) |
| 3:03 | Create | Villager (Male) |
| 3:04 | Create | Villager (Male) |
| 3:33 | Create | Villager (Male) |
| 3:33 | Create | Villager (Male) |
| 4:04 | Build | House |
| 4:38 | Create | Villager (Male) |
| 5:24 | Create | Villager (Male) |
| 5:25 | Create | Villager (Male) |
| 5:46 | Build | House |
| 5:53 | Build | House |
| 5:56 | Build | House |
| 6:17 | Create | Villager (Male) |
| 6:37 | Create | Villager (Male) |
| 6:46 | Create | Villager (Male) |
| 7:33 | Create | Villager (Male) |
| 7:36 | Build | Mill |
| 7:58 | Create | Villager (Male) |
| 8:12 | Create | Villager (Male) |
| 8:18 | Build | Barracks |
| 8:25 | Create | Villager (Male) |
| 8:39 | Create | Villager (Male) |
| 8:54 | Build | Farm |
| 8:55 | Build | Farm |
| 8:58 | Build | Farm |
| 9:00 | Create | Villager (Male) |
| 9:19 | Build | Mining Camp |
| 9:47 | Build | Farm |
| 9:50 | Build | Farm |
| 10:12 | Create | Villager (Male) |
| 10:44 | Build | Farm |
| 10:47 | Create | Villager (Male) |
| 11:05 | Research | Feudal Age |
| 11:39 | Create | Militia |
| 11:40 | Create | Militia |
| 12:00 | Research | Loom |
| 13:22 | Age | Feudal Age |
| 13:38 | Build | Watch Tower |
| 15:02 | Build | Lumber Camp |
| 15:38 | Create | Spearman |
| 15:39 | Create | Spearman |
| 15:56 | Build | Market |
| 16:22 | Build | Farm |
| 16:25 | Build | Farm |
| 16:34 | Create | Villager (Male) |
| 16:34 | Create | Villager (Male) |
| 16:34 | Create | Villager (Male) |
| 16:45 | Build | Farm |
| 16:57 | Build | Watch Tower |
| 17:00 | Build | Farm |
| 18:04 | Build | Farm |
| 18:06 | Build | Farm |
| 19:52 | Create | Villager (Male) |
| 19:53 | Create | Villager (Male) |
| 20:04 | Create | Villager (Male) |
| 20:32 | Build | Mining Camp |
| 20:49 | Build | Watch Tower |
| 20:52 | Create | Villager (Male) |
| 20:53 | Create | Villager (Male) |
| 21:02 | Research | Double-Bit Axe |
| 21:20 | Build | Farm |
| 21:28 | Build | Mining Camp |
| 21:32 | Create | Villager (Male) |
| 21:43 | Create | Villager (Male) |
| 22:11 | Create | Villager (Male) |
| 22:13 | Create | Villager (Male) |
| 23:09 | Create | Villager (Male) |
| 23:19 | Build | House |
| 23:23 | Build | House |
| 23:42 | Create | Villager (Male) |
| 24:04 | Build | Watch Tower |
| 25:01 | Build | Farm |
| 26:45 | Build | Stone Wall |
Build order — 掩月天权·凝光
First 150 of 156 actions detected
| 0:00 | Create | Villager (Male) |
| 0:01 | Create | Villager (Male) |
| 0:01 | Create | Villager (Male) |
| 0:03 | Build | House |
| 0:05 | Build | House |
| 0:09 | Create | Villager (Male) |
| 0:10 | Create | Villager (Male) |
| 1:31 | Create | Villager (Male) |
| 1:31 | Create | Villager (Male) |
| 1:31 | Create | Villager (Male) |
| 1:46 | Build | Lumber Camp |
| 1:59 | Create | Villager (Male) |
| 2:00 | Create | Villager (Male) |
| 2:20 | Create | Villager (Male) |
| 2:20 | Create | Villager (Male) |
| 2:36 | Build | House |
| 2:52 | Create | Villager (Male) |
| 2:52 | Create | Villager (Male) |
| 3:17 | Create | Villager (Male) |
| 3:18 | Create | Villager (Male) |
| 3:18 | Create | Villager (Male) |
| 3:44 | Create | Villager (Male) |
| 3:45 | Create | Villager (Male) |
| 4:02 | Create | Villager (Male) |
| 4:28 | Create | Villager (Male) |
| 4:47 | Build | Mill |
| 4:55 | Create | Villager (Male) |
| 5:00 | Create | Villager (Male) |
| 5:00 | Create | Villager (Male) |
| 5:06 | Research | Loom |
| 6:43 | Research | Feudal Age |
| 7:16 | Build | Barracks |
| 7:50 | Create | Villager (Male) |
| 8:09 | Build | House |
| 8:53 | Age | Feudal Age |
| 9:10 | Create | Villager (Male) |
| 9:28 | Build | Stable |
| 9:40 | Create | Villager (Male) |
| 10:00 | Research | Double-Bit Axe |
| 10:15 | Create | Scout Cavalry |
| 10:18 | Create | Villager (Male) |
| 10:18 | Create | Villager (Male) |
| 10:34 | Build | Lumber Camp |
| 10:42 | Create | Scout Cavalry |
| 10:53 | Build | House |
| 11:06 | Build | Farm |
| 11:15 | Build | Farm |
| 11:26 | Create | Villager (Male) |
| 11:26 | Create | Villager (Male) |
| 11:31 | Build | Farm |
| 11:33 | Build | Farm |
| 11:39 | Create | Villager (Male) |
| 11:41 | Build | Farm |
| 11:48 | Create | Scout Cavalry |
| 11:48 | Create | Scout Cavalry |
| 12:02 | Create | Villager (Male) |
| 12:04 | Build | Farm |
| 12:14 | Create | Villager (Male) |
| 12:24 | Build | House |
| 12:26 | Build | Farm |
| 12:44 | Create | Villager (Male) |
| 12:47 | Build | House |
| 12:53 | Build | Farm |
| 13:02 | Create | Villager (Male) |
| 13:14 | Create | Villager (Male) |
| 13:15 | Create | Scout Cavalry |
| 13:27 | Build | Blacksmith |
| 13:32 | Build | House |
| 13:41 | Create | Scout Cavalry |
| 13:44 | Create | Villager (Male) |
| 14:14 | Create | Villager (Male) |
| 14:30 | Build | Mining Camp |
| 14:34 | Build | House |
| 14:39 | Build | Farm |
| 15:02 | Build | Farm |
| 15:05 | Build | Farm |
| 15:07 | Build | Farm |
| 15:10 | Build | Farm |
| 15:33 | Build | Farm |
| 15:39 | Build | Farm |
| 15:41 | Research | Scale Barding Armor |
| 15:56 | Build | Farm |
| 15:59 | Build | Farm |
| 16:00 | Create | Villager (Male) |
| 16:32 | Build | Farm |
| 16:34 | Create | Villager (Male) |
| 17:09 | Build | Farm |
| 17:16 | Research | Castle Age |
| 17:52 | Research | Scale Barding Armor |
| 18:18 | Build | Farm |
| 18:22 | Build | Farm |
| 18:32 | Research | Gold Mining |
| 18:43 | Build | Stable |
| 18:58 | Research | Forging |
| 19:08 | Build | Farm |
| 19:56 | Age | Castle Age |
| 20:00 | Create | Knight |
| 20:00 | Create | Knight |
| 20:01 | Create | Knight |
| 20:01 | Create | Villager (Male) |
| 20:02 | Create | Villager (Male) |
| 20:28 | Create | Knight |
| 20:30 | Create | Knight |
| 20:31 | Create | Villager (Male) |
| 20:38 | Build | Town Center |
| 20:53 | Create | Villager (Male) |
| 20:56 | Research | Wheelbarrow |
| 21:13 | Create | Villager (Male) |
| 21:20 | Create | Villager (Male) |
| 21:29 | Create | Knight |
| 22:01 | Create | Villager (Male) |
| 22:03 | Create | Knight |
| 22:03 | Create | Knight |
| 22:13 | Create | Villager (Male) |
| 22:28 | Create | Knight |
| 22:38 | Create | Villager (Male) |
| 22:38 | Create | Villager (Male) |
| 22:43 | Create | Villager (Male) |
| 22:44 | Create | Villager (Male) |
| 22:56 | Build | Town Center |
| 23:04 | Create | Knight |
| 23:12 | Build | Farm |
| 23:28 | Create | Knight |
| 23:29 | Create | Knight |
| 23:29 | Research | Husbandry |
| 23:44 | Build | House |
| 24:01 | Build | Farm |
| 24:04 | Create | Villager (Male) |
| 24:04 | Create | Villager (Male) |
| 24:19 | Research | Chain Barding Armor |
| 24:26 | Build | Farm |
| 24:27 | Create | Villager (Male) |
| 24:28 | Create | Villager (Male) |
| 24:45 | Create | Knight |
| 24:46 | Create | Knight |
| 25:02 | Build | House |
| 25:04 | Build | House |
| 25:07 | Build | Farm |
| 25:25 | Create | Villager (Male) |
| 25:25 | Create | Villager (Male) |
| 25:41 | Create | Villager (Male) |
| 25:42 | Create | Villager (Male) |
| 25:58 | Create | Villager (Male) |
| 26:07 | Build | Mining Camp |
| 26:20 | Create | Villager (Male) |
| 26:20 | Create | Villager (Male) |
| 26:31 | Create | Villager (Male) |
| 26:31 | Create | Villager (Male) |
| 26:35 | Research | Bow Saw |
| 27:00 | Create | Knight |
Build order — 循循守月-甘雨
139 actions detected in the replay
| 0:01 | Create | Villager (Male) |
| 0:01 | Create | Villager (Male) |
| 0:02 | Build | House |
| 0:04 | Build | House |
| 0:18 | Create | Villager (Male) |
| 0:19 | Create | Villager (Male) |
| 0:19 | Create | Villager (Male) |
| 1:32 | Create | Villager (Male) |
| 1:32 | Create | Villager (Male) |
| 1:50 | Build | Lumber Camp |
| 2:04 | Create | Villager (Male) |
| 2:04 | Create | Villager (Male) |
| 2:23 | Create | Villager (Male) |
| 3:16 | Create | Villager (Male) |
| 3:48 | Create | Villager (Male) |
| 3:48 | Create | Villager (Male) |
| 3:49 | Create | Villager (Male) |
| 3:50 | Build | House |
| 4:14 | Create | Villager (Male) |
| 4:31 | Create | Villager (Male) |
| 5:19 | Create | Villager (Male) |
| 5:32 | Build | Mill |
| 5:47 | Create | Villager (Male) |
| 6:15 | Create | Villager (Male) |
| 6:33 | Research | Loom |
| 7:07 | Research | Feudal Age |
| 7:21 | Build | House |
| 8:20 | Create | Villager (Male) |
| 8:21 | Create | Villager (Male) |
| 8:56 | Build | Farm |
| 8:57 | Build | Farm |
| 8:58 | Build | Farm |
| 9:10 | Build | Barracks |
| 9:18 | Age | Feudal Age |
| 10:08 | Build | Stable |
| 10:13 | Build | House |
| 10:24 | Create | Villager (Male) |
| 10:24 | Create | Villager (Male) |
| 10:51 | Create | Scout Cavalry |
| 10:52 | Create | Scout Cavalry |
| 10:56 | Build | House |
| 11:02 | Create | Villager (Male) |
| 11:40 | Create | Villager (Male) |
| 11:40 | Create | Villager (Male) |
| 11:53 | Build | Palisade Gate |
| 11:56 | Create | Scout Cavalry |
| 11:57 | Create | Villager (Male) |
| 12:13 | Build | Lumber Camp |
| 12:30 | Create | Villager (Male) |
| 12:37 | Build | House |
| 13:00 | Build | Mining Camp |
| 13:12 | Create | Villager (Male) |
| 13:17 | Build | House |
| 13:31 | Build | Mill |
| 13:44 | Create | Villager (Male) |
| 13:51 | Build | House |
| 14:06 | Create | Scout Cavalry |
| 14:07 | Create | Villager (Male) |
| 14:17 | Research | Double-Bit Axe |
| 14:51 | Research | Wheelbarrow |
| 14:54 | Build | Farm |
| 14:56 | Build | Farm |
| 14:59 | Build | Farm |
| 15:10 | Build | House |
| 15:36 | Create | Villager (Male) |
| 15:39 | Build | Blacksmith |
| 15:47 | Build | House |
| 16:20 | Create | Villager (Male) |
| 16:26 | Research | Castle Age |
| 16:27 | Research | Castle Age |
| 17:02 | Research | Scale Barding Armor |
| 17:04 | Research | Fletching |
| 17:13 | Create | Villager (Male) |
| 17:15 | Build | Farm |
| 17:16 | Build | Farm |
| 17:33 | Research | Horse Collar |
| 17:47 | Build | Archery Range |
| 17:48 | Build | Archery Range |
| 18:13 | Create | Villager (Male) |
| 19:06 | Age | Castle Age |
| 19:08 | Build | Town Center |
| 19:42 | Create | Villager (Male) |
| 19:45 | Research | Bow Saw |
| 19:59 | Create | Cavalry Archer |
| 19:59 | Create | Cavalry Archer |
| 19:59 | Create | Cavalry Archer |
| 20:01 | Research | Bodkin Arrow |
| 20:04 | Create | Villager (Male) |
| 20:14 | Research | Bloodlines |
| 20:28 | Create | Villager (Male) |
| 20:32 | Create | Villager (Male) |
| 20:32 | Create | Villager (Male) |
| 20:37 | Create | Cavalry Archer |
| 20:38 | Create | Cavalry Archer |
| 20:50 | Create | Villager (Male) |
| 20:52 | Create | Villager (Male) |
| 21:21 | Build | Lumber Camp |
| 21:26 | Create | Cavalry Archer |
| 21:26 | Create | Cavalry Archer |
| 21:28 | Create | Villager (Male) |
| 21:32 | Research | Gold Mining |
| 21:50 | Build | Siege Workshop |
| 21:58 | Create | Steppe Lancer |
| 21:58 | Create | Steppe Lancer |
| 21:58 | Create | Steppe Lancer |
| 22:15 | Create | Villager (Male) |
| 22:46 | Create | Villager (Male) |
| 22:47 | Create | Villager (Male) |
| 22:55 | Create | Mangonel |
| 23:02 | Build | House |
| 23:07 | Create | Villager (Male) |
| 23:14 | Build | House |
| 23:22 | Build | Farm |
| 23:23 | Build | Farm |
| 23:26 | Build | Farm |
| 23:28 | Build | Farm |
| 23:31 | Create | Villager (Male) |
| 23:31 | Create | Villager (Male) |
| 23:44 | Create | Mangonel |
| 23:47 | Build | House |
| 24:02 | Build | Stable |
| 24:24 | Create | Villager (Male) |
| 24:25 | Create | Villager (Male) |
| 24:25 | Create | Villager (Male) |
| 24:53 | Create | Villager (Male) |
| 24:53 | Create | Villager (Male) |
| 24:54 | Create | Villager (Male) |
| 24:54 | Create | Villager (Male) |
| 25:19 | Research | Padded Archer Armor |
| 25:29 | Build | Farm |
| 25:30 | Build | Farm |
| 25:59 | Create | Villager (Male) |
| 25:59 | Create | Villager (Male) |
| 26:00 | Create | Villager (Male) |
| 26:00 | Create | Villager (Male) |
| 26:22 | Build | Farm |
| 26:59 | Build | Castle |
| 27:09 | Create | Steppe Lancer |
| 27:09 | Create | Steppe Lancer |
Build order — Fuschi
115 actions detected in the replay
| 0:04 | Build | House |
| 0:06 | Build | House |
| 0:08 | Build | House |
| 0:10 | Create | Villager (Male) |
| 0:10 | Create | Villager (Male) |
| 0:10 | Create | Villager (Male) |
| 0:11 | Create | Villager (Male) |
| 0:11 | Create | Villager (Male) |
| 0:11 | Create | Villager (Male) |
| 1:52 | Create | Villager (Male) |
| 1:52 | Create | Villager (Male) |
| 2:27 | Create | Villager (Male) |
| 2:41 | Create | Villager (Male) |
| 3:06 | Research | Loom |
| 3:23 | Create | Villager (Male) |
| 3:42 | Create | Villager (Male) |
| 4:12 | Build | Mill |
| 4:27 | Create | Villager (Male) |
| 4:28 | Create | Villager (Male) |
| 4:28 | Create | Villager (Male) |
| 5:00 | Build | Mining Camp |
| 5:27 | Create | Villager (Male) |
| 5:47 | Build | House |
| 5:59 | Build | House |
| 6:03 | Build | Mining Camp |
| 6:09 | Create | Villager (Male) |
| 6:09 | Create | Villager (Male) |
| 8:05 | Build | Lumber Camp |
| 8:51 | Create | Villager (Male) |
| 9:00 | Create | Villager (Male) |
| 9:54 | Build | Farm |
| 9:55 | Build | Farm |
| 10:25 | Build | Mill |
| 11:08 | Create | Villager (Male) |
| 11:41 | Build | Farm |
| 11:49 | Research | Feudal Age |
| 11:56 | Build | Farm |
| 12:46 | Build | Farm |
| 13:18 | Build | Barracks |
| 13:59 | Age | Feudal Age |
| 14:02 | Build | Stable |
| 14:07 | Research | Wheelbarrow |
| 14:08 | Create | Villager (Male) |
| 14:08 | Create | Villager (Male) |
| 14:09 | Create | Villager (Male) |
| 15:03 | Build | Farm |
| 15:07 | Build | Farm |
| 15:23 | Research | Double-Bit Axe |
| 15:34 | Build | Farm |
| 15:36 | Build | Farm |
| 15:57 | Build | Farm |
| 16:04 | Create | Scout Cavalry |
| 16:05 | Create | Scout Cavalry |
| 16:05 | Create | Scout Cavalry |
| 16:19 | Build | Blacksmith |
| 16:45 | Build | Farm |
| 16:55 | Create | Villager (Male) |
| 17:03 | Build | House |
| 17:10 | Build | House |
| 17:13 | Build | House |
| 17:16 | Build | House |
| 17:26 | Build | Farm |
| 17:44 | Create | Scout Cavalry |
| 17:46 | Create | Scout Cavalry |
| 17:46 | Create | Scout Cavalry |
| 18:10 | Research | Scale Barding Armor |
| 18:12 | Research | Forging |
| 18:56 | Create | Villager (Male) |
| 18:56 | Create | Villager (Male) |
| 18:56 | Create | Villager (Male) |
| 18:56 | Create | Villager (Male) |
| 18:57 | Create | Villager (Male) |
| 19:27 | Build | Stone Wall |
| 19:35 | Build | Gate |
| 19:50 | Build | Farm |
| 19:54 | Build | Farm |
| 20:29 | Build | Stone Wall |
| 20:36 | Build | Gate |
| 20:55 | Build | Farm |
| 20:57 | Build | Farm |
| 22:27 | Build | Stone Wall |
| 22:58 | Research | Castle Age |
| 23:07 | Create | Spearman |
| 23:07 | Create | Spearman |
| 23:08 | Create | Spearman |
| 23:08 | Create | Spearman |
| 23:15 | Create | Spearman |
| 24:08 | Build | Watch Tower |
| 24:41 | Build | Watch Tower |
| 25:14 | Build | Watch Tower |
| 25:38 | Age | Castle Age |
| 25:47 | Create | Knight |
| 25:48 | Create | Knight |
| 25:48 | Create | Knight |
| 25:48 | Create | Knight |
| 25:49 | Create | Knight |
| 25:49 | Create | Knight |
| 25:49 | Create | Knight |
| 25:49 | Create | Knight |
| 25:52 | Create | Knight |
| 25:55 | Create | Knight |
| 26:22 | Build | Stable |
| 27:45 | Create | Knight |
| 29:02 | Build | Farm |
| 29:07 | Build | Farm |
| 29:15 | Create | Villager (Male) |
| 29:15 | Create | Villager (Male) |
| 29:15 | Create | Villager (Male) |
| 29:15 | Create | Villager (Male) |
| 29:16 | Create | Villager (Male) |
| 29:16 | Create | Villager (Male) |
| 29:16 | Create | Villager (Male) |
| 30:26 | Create | Villager (Male) |
| 30:26 | Create | Villager (Male) |
| 30:26 | Create | Villager (Male) |
Match timeline
| 7:16 | 掩月天权·凝光 · first_building Barracks |
| 7:47 | 霆霓快雨-刻晴 · first_building Barracks |
| 8:18 | Monokkrom · first_building Barracks |
| 8:53 | 掩月天权·凝光 · age_up feudal |
| 9:10 | 循循守月-甘雨 · first_building Barracks |
| 9:18 | 循循守月-甘雨 · age_up feudal |
| 9:25 | 霆霓快雨-刻晴 · age_up feudal |
| 9:28 | 掩月天权·凝光 · first_building Stable |
| 9:28 | 霆霓快雨-刻晴 · first_building Archery Range |
| 10:08 | 循循守月-甘雨 · first_building Stable |
| 10:26 | bezoya · first_building Barracks |
| 10:34 | Pikkio · first_building Barracks |
| 11:13 | Pikkio · wall_segment Palisade Wall x4 |
| 11:16 | Pikkio · wall_segment Palisade Wall x7 |
| 11:40 | bezoya · age_up feudal |
| 11:50 | Nicolass · first_building Barracks |
| 12:18 | bezoya · first_building Archery Range |
| 12:26 | 霆霓快雨-刻晴 · wall_segment Palisade Wall x6 |
| 12:33 | Nicolass · age_up feudal |
| 12:47 | Pikkio · age_up feudal |
| 13:18 | Fuschi · first_building Barracks |
| 13:22 | Monokkrom · age_up feudal |
| 13:31 | bezoya · wall_segment Palisade Wall x1 |
| 13:59 | Fuschi · age_up feudal |
| 14:02 | Fuschi · first_building Stable |
| 15:22 | Pikkio · wall_segment Palisade Wall x3 |
| 15:24 | Pikkio · wall_segment Palisade Wall x1 |
| 16:00 | Nicolass · first_building Archery Range |
| 16:48 | Pikkio · first_building Archery Range |
| 16:49 | Monokkrom · first_market_buy 100 stone |
| 17:24 | Pikkio · wall_segment Palisade Wall x4 |
| 17:33 | bezoya · age_up castle |
| 17:47 | 循循守月-甘雨 · first_building Archery Range |
| 17:56 | Pikkio · wall_segment Palisade Wall x1 |
| 19:06 | 循循守月-甘雨 · age_up castle |
| 19:22 | Monokkrom · first_market_sell 100 food |
| 19:27 | Fuschi · wall_segment Stone Wall x11 |
| 19:43 | Nicolass · age_up castle |
| 19:56 | 掩月天权·凝光 · age_up castle |
| 20:29 | Fuschi · wall_segment Stone Wall x9 |
| 20:58 | Nicolass · first_building Castle |
| 21:50 | 循循守月-甘雨 · first_building Siege Workshop |
| 22:07 | 霆霓快雨-刻晴 · first_building Stable |
| 22:27 | Fuschi · wall_segment Stone Wall x10 |
| 23:27 | Pikkio · age_up castle |
| 24:52 | Pikkio · first_building Monastery |
| 25:23 | bezoya · first_building Castle |
| 25:38 | Fuschi · age_up castle |
| 26:15 | 霆霓快雨-刻晴 · age_up castle |
| 26:45 | Monokkrom · wall_segment Stone Wall x1 |
| 26:59 | 循循守月-甘雨 · first_building Castle |
| 27:12 | Monokkrom · resign |
| 27:16 | 霆霓快雨-刻晴 · first_building Castle |
[ AI ANALYSIS · 1 CREDIT ]
What really happened in this match?
Wolo.gg analyzes every decision: build order, eco, micro, common mistakes by bracket. Personalized analysis on WhatsApp or Discord in 30 seconds.
Civ guide
Mongols
Perfil
Jugador #264140